 Dungeon Crawl Stone Soup version 0.18.1-50-g88ac8fd (webtiles) character file.

79 magog001 the Shield-Bearer (level 4, -3/40 HPs)
             Began as a Minotaur Fighter on Dec 31, 2017.
             Slain by Grinder (5 damage)
             ... on level 3 of the Dungeon.
             The game lasted 00:07:46 (1605 turns).

magog001 the Shield-Bearer (Minotaur Fighter)       Turns: 1605, Time: 00:07:46

Health: -3/40      AC:  7    Str: 22    XL:     4   Next: 16%
Magic:  3/3        EV:  8    Int:  5    God:
Gold:   80         SH:  9    Dex:  9    Spells: 0 memorised, 3 levels left

rFire  . . .     SeeInvis .     a - +0 war axe
rCold  . . .     Gourm    .     b - +0 scale mail
rNeg   . . .     Faith    .     c - +0 shield
rPois  .         Spirit   .     (helmet restricted)
rElec  .         Dismiss  .     (no cloak)
rCorr  .         Reflect  .     (no gloves)
SustAt .         Harm     .     (no boots)
MR     .....                    (no amulet)
Stlth  ..........               (no ring)
                                (no ring)

@: not resistant to hostile enchantments, extremely unstealthy
A: retaliatory headbutt, horns 2
a: no special abilities


You were on level 3 of the Dungeon.
You were not hungry.

You visited 1 branch of the dungeon, and saw 3 of its levels.

You collected 80 gold pieces.

Inventory:

Hand Weapons
 a - a +0 war axe (weapon)
 j - a +0 hunting sling
Missiles
 k - 131 stones (quivered)
 r - 4 needles of paralysis
 s - 16 poisoned needles
Armour
 b - a +0 scale mail (worn)
 c - a +0 shield (worn)
Scrolls
 l - a scroll of identify
 n - a scroll of blinking {unknown}
 o - a scroll of remove curse {unknown}
 q - a scroll of fear {unknown}
 t - a scroll of teleportation {unknown}
 u - 2 scrolls of amnesia {unknown}
Potions
 d - a potion of might
 e - a potion of ambrosia
 i - a potion of agility
 m - 2 potions of curing
 v - a potion of brilliance {unknown}
 x - a potion of resistance {unknown}
 z - a potion of flight {unknown}
Comestibles
 f - a bread ration
 g - a beef jerky
 h - 3 chunks of flesh
 p - a slice of pizza
 w - 2 meat rations


   Skills:
 * Level 4.1 Fighting
 * Level 3.1 Axes
 * Level 4.4 Armour
 + Level 0.9 Dodging
 * Level 4.5 Shields


You had 3 spell levels left.
You didn't know any spells.

Dungeon Overview and Level Annotations

Branches:
Dungeon (3/15)

Altars:
Elyvilon
Gozag
Kikubaaqudgha

Annotations:
D:3 Grinder


Innate Abilities, Weirdness & Mutations

You reflexively headbutt those who attack you in melee.
You have a pair of horns on your head.


Message History

You block Grinder's attack. Grinder barely misses you.
You hit Grinder.
Grinder is heavily wounded.
Grinder closely misses you.
You barely miss Grinder.
Grinder is heavily wounded.
You block Grinder's attack. Grinder hits you.
You writhe in agony.
You slash Grinder!
Grinder is almost dead.
Grinder blinks!
You see here a rat corpse.
Grinder gestures at you. Pain shoots through your body!
* * * LOW HITPOINT WARNING * * *
You closely miss Grinder. Your headbutt misses Grinder.
Grinder is almost dead.
Grinder hits you!
* * * LOW HITPOINT WARNING * * *
You writhe in agony.
You die...

.# #.# #.# .# #.# #.####### .#
#.# #.......# .#####.# #######.#
.......# #.# # ######## ##.# #
##################.#.# #
...............†...#.# .
.#############..@..#.############
.# #...5.#............. .#
#.....############## .#
#.....#### .# #........# .#
#....#.#.### .# #....#.....# ##
############.#.# #............#.#


You could see Grinder.

Vanquished Creatures
  4 adders
  A dart slug (D:3)
  An orc (D:3)
  A ball python (D:3)
  2 giant cockroaches
  3 goblins
  7 hobgoblins
  A quokka (D:2)
  2 bats
  5 giant newts
  5 kobolds
  9 rats
41 creatures vanquished.

Notes
Turn   | Place    | Note
--------------------------------------------------------------
     0 | D:1      | magog001 the Minotaur Fighter began the quest for the Orb.
     0 | D:1      | Reached XP level 1. HP: 19/19 MP: 0/0
   151 | D:1      | Reached XP level 2. HP: 16/27 MP: 1/1
   491 | D:2      | Found a white marble altar of Elyvilon.
   494 | D:2      | Found an opulent altar of Gozag.
   542 | D:2      | Reached XP level 3. HP: 33/33 MP: 2/2
   753 | D:2      | Found a faded altar to an unknown god.
   802 | D:2      | Found an ancient bone altar of Kikubaaqudgha.
  1156 | D:3      | Reached XP level 4. HP: 40/40 MP: 3/3
  1196 | D:3      | Noticed Grinder
  1209 | D:3      | Paralysed by Grinder for 3 turns
  1218 | D:3      | Paralysed by Grinder for 3 turns
  1605 | D:3      | HP: 2/40 [Grinder (8)]
  1605 | D:3      | Slain by Grinder

Skill      XL: |  1  2  3 |
---------------+----------+-----
Shields        | 4 |  4.5
Armour         | 4 |  4.4
Fighting       | 4 |  4.1
Axes           | 3 |  3.1
Dodging        | |  0.9

Action                   |  1- 3 |  4- 6 || total
-------------------------+-------+-------++-------
Melee: War axe           |    83 |    25 ||   108
       Headbutt          |     8 |     5 ||    13
  Use: Scroll            |       |     3 ||     3
  Eat: Chunk             |     1 |     1 ||     2
Armor: Scale mail        |    38 |     9 ||    47
Dodge: Dodged            |    31 |    12 ||    43
Block: Shield            |    36 |    11 ||    47
